 Dungeon Crawl Stone Soup version 0.30-a0-54-g2e61a25929 (webtiles) character file.

Game seed: 6686508427179645761

99 Newt the Shooter (level 5, -4/33 HPs)
             Began as a Kobold Hunter on Sept 8, 2022.
             Constricted to death by Natasha (6 damage)
             ... on level 2 of the Dungeon.
             The game lasted 00:01:24 (1696 turns).

Newt the Shooter (Kobold Hunter)                    Turns: 1696, Time: 00:01:25

Health: -4/33      AC:  3    Str:  8    XL:     5   Next: 2%
Magic:  5/5        EV: 11    Int: 10    God:
Gold:   131        SH:  0    Dex: 21    Spells: 4/4 levels left

rFire   . . .      SeeInvis .    a - +0 shortbow
rCold   . . .      Faith    .    (shield currently unavailable)
rNeg    . . .      Spirit   .    c - +0 leather armour
rPois   .          Reflect  .    (no helmet)
rElec   .          Harm     .    (no cloak)
rCorr   .          Rampage  .    (no gloves)
Will    .....                    (no boots)
Stlth   +++.......               d - amulet of the acrobat
HPRegen 0.11/turn                (no ring)
MPRegen 0.09/turn                (no ring)

@: grasped by roots, constricted
A: small, no large weapons, nightstalker 3
a: no special abilities


You were on level 2 of the Dungeon.
You visited 1 branch of the dungeon, and saw 2 of its levels.

You collected 131 gold pieces.

Inventory:

Hand Weapons
 a - a +0 shortbow (weapon)
Armour
 c - a +0 leather armour (worn)
Jewellery
 d - an amulet of the acrobat (around neck)
 m - an amulet of regeneration
Scrolls
 b - a scroll of immolation
 f - 2 scrolls of blinking {unknown}
 k - a scroll of teleportation {unknown}
Potions
 e - 3 potions of curing {unknown}
 g - 2 potions of invisibility {unknown}
 h - a potion of brilliance {unknown}
 i - a potion of heal wounds {unknown}
 j - 2 potions of degeneration {unknown}
 l - 2 potions of magic {unknown}


   Skills:
 - Level 4.0 Fighting
 + Level 6.7 Ranged Weapons
 - Level 2.4 Dodging
 - Level 1.3 Stealth


You had 4 spell levels left.
You didn't know any spells.
Your spell library was empty.

Dungeon Overview and Level Annotations

Branches:
Dungeon (2/15)

Altars:
Xom

Annotations:
D:2 Natasha


Innate Abilities, Weirdness & Mutations

You are small and have problems with some larger weapons.
You are completely attuned to the shadows.


Message History

Natasha is almost dead.
Natasha closely misses you. The grasping roots constrict you.
You shoot an arrow. The arrow barely misses Natasha.
Natasha mumbles some strange words.
Natasha glows brightly for a moment.
Natasha casts a spell.
The grasping roots constrict you.
The grasping roots release their grip on you.
You are too injured to fight recklessly!
Unknown command.
Fire: a) +0 shortbow
Press: ? - help, Shift-Dir - straight line, f/p - Natasha
Aim: Natasha, carrying a wand of roots (10) (almost dead, 61% to hit)
You shoot an arrow. The arrow closely misses Natasha.
Natasha mumbles some strange words.
Unknown command.
Fire: a) +0 shortbow
Press: ? - help, Shift-Dir - straight line, f/p - Natasha
Aim: Natasha, carrying a wand of roots (10) (almost dead, 61% to hit)
You shoot an arrow. The arrow closely misses Natasha.
Natasha stares at you and mumbles some strange words.
The magic dart hits you. The white imp barely misses you.
The crimson imp blinks!
Fire: a) +0 shortbow
Press: ? - help, Shift-Dir - straight line, f/p - Natasha
Aim: Natasha, carrying a wand of roots (10) (almost dead, 61% to hit)
You shoot an arrow.
The arrow hits Natasha but does no damage.
Natasha is almost dead.
Natasha zaps a wand.
The roots erupt in riotous growth!
The grasping roots grab you!
The white imp is unaffected.
Natasha is unaffected.
The grasping roots constrict you.
* * * LOW HITPOINT WARNING * * *
The white imp closely misses you. Natasha casts a spell at you.
The magic dart hits you.
* * * LOW HITPOINT WARNING * * *
The grasping roots constrict you.
You die...

#..
........#.###.#.#
#..
................#
#.......#.###.#
...............
##.##.###.....
####.#..###....#
.......###..#.##
###........##.#
....@####### .
....5h...
.....#.ยง.
...###... .## ..


You could see Natasha and a white imp (summoned).

Vanquished Creatures
  Natasha (D:2)
  3 adders
  A dart slug (D:2)
  5 bats
  4 endoplasms
  2 giant cockroaches (D:2)
  7 goblins
  3 hobgoblins
  2 jackals (D:1)
  3 kobolds
  5 ball pythons
  3 frilled lizards
  6 rats
45 creatures vanquished.

Vanquished Creatures (others)
  4 toadstools (D:1)
4 creatures vanquished.

Grand Total: 49 creatures vanquished

Notes
Turn   | Place    | Note
-------+----------+-------------------------------------------
     0 | D:1      | Newt the Kobold Hunter began the quest for the Orb.
     0 | D:1      | Reached XP level 1. HP: 12/12 MP: 1/1
   114 | D:1      | Reached XP level 2. HP: 18/18 MP: 2/2
   512 | D:1      | Reached XP level 3. HP: 23/23 MP: 3/3
  1377 | D:1      | Reached XP level 4. HP: 20/29 MP: 4/4
  1534 | D:2      | Reached skill level 6 in Ranged Weapons
  1540 | D:2      | Found a shimmering altar of Xom.
  1551 | D:2      | Noticed Natasha
  1553 | D:2      | Killed Natasha
  1613 | D:2      | Reached XP level 5. HP: 29/33 MP: 5/5
  1686 | D:2      | Noticed Natasha
  1696 | D:2      | Constricted to death by Natasha

Illustrated notes

Levels and vault maps discovered:
D:1:      ldierk_walled_garden_2, layout_basic, st_stairs_7,
          minmay_misc_feat_pillars
D:2:      layout_rooms, basic_altar, minmay_surrounded, uniq_crazy_yiuf_cottage,
          uniq_natasha

Skill      XL: |  1  2  3  4 |
---------------+-------------+-----
Fighting       | 3 4 |  4.0
Ranged Weapons | 6 |  6.7
Dodging        | |  2.4
Stealth        | |  1.3

Action                   |  1- 3 |  4- 6 || total
-------------------------+-------+-------++-------
 Fire: Shortbow          |    60 |    47 ||   107
Armor: Leather armour    |    11 |     3 ||    14
Dodge: Dodged            |    32 |    29 ||    61

Table legend: (Time is in decaauts)
 A = Elapsed time spent in this place.
 B = Non-inter-level travel time spent in this place.
 C = Inter-level travel time spent in this place.
 D = Time resting spent in this place.
 E = Time spent auto-exploring this place.
 F = Levels seen in this place.
 G = Mean time per level.
                   A        B        C        D        E       F      G
               +--------+--------+--------+--------+--------+-----+--------+
         Total |   1726 |   1707 |     19 |    467 |   1034 |   2 |  863.0 |
       Dungeon |   1726 |   1707 |     19 |    467 |   1034 |   2 |  863.0 |
               +--------+--------+--------+--------+--------+-----+--------+

Top non-repeatable levels by time:
     D:1: 1455 daAuts
     D:2: 270 daAuts
